 Dungeon Crawl Stone Soup version 0.17.0-23-g0de4337 (webtiles) character file.

178 M4edhros the Sneak (level 5, 0/33 HPs)
             Began as an Octopode Artificer on Nov 13, 2015.
             Killed from afar by an orc wizard (8 damage)
             ... with a magic dart
             ... on level 4 of the Dungeon.
             The game lasted 00:02:09 (1411 turns).

M4edhros the Sneak (Octopode Artificer)             Turns: 1411, Time: 00:02:09

Health: 0/33       AC:  1    Str: 10    XL:     5   Next: 58%
Magic:  8/8        EV: 12    Int: 14    God:
Gold:   50         SH:  0    Dex: 14    Spells: 0 memorised, 4 levels left

rFire  . . .     SeeInvis .     j - +2 dagger (venom)
rCold  . . .     Clarity  .     (no shield)
rNeg   . . .     SustAt   .     (helmet restricted)
rPois  +         Gourm    .     (no amulet)
rElec  .         Spirit   .     h - ring of poison resistance
rCorr  .         Warding  .     (no ring)
rMut   .         Stasis   .     (no ring)
MR     .....                    (no ring)
Stlth  +++++.....               (no ring)
                                (no ring)
                                (no ring)
                                (no ring)

@: not resistant to hostile enchantments, quite stealthy
A: almost no armour, amphibious, 8 rings, constrict 8, camouflage 1, gelatinous
body 1
a: no special abilities


You were on level 4 of the Dungeon.
You were not hungry.

You visited 1 branch of the dungeon, and saw 4 of its levels.

You collected 50 gold pieces.

Inventory:

Hand Weapons
 j - a +2 dagger of venom (weapon)
 o - a +0 hunting sling
Missiles
 k - 8 poisoned sling bullets
 p - 34 stones (quivered)
Jewellery
 h - a ring of poison resistance (left tentacle)
Wands
 b - a wand of flame (14)
 c - a wand of enslavement (14)
 d - a wand of random effects (14)
Scrolls
 a - a scroll of random uselessness {unknown}
 f - a scroll of blinking {unknown}
 g - a scroll of recharging {unknown}
 l - a scroll of identify {unknown}
 m - 3 scrolls of fear {unknown}
 n - 2 scrolls of teleportation {unknown}
 r - a scroll of noise {unknown}
Potions
 i - 2 potions of haste {unknown}
Comestibles
 e - a bread ration
 q - a royal jelly


   Skills:
 - Level 1.0 Fighting
 - Level 1.0 Short Blades
 - Level 2.0 Dodging
 * Level 6.2 Stealth
 + Level 4.7 Evocations


You had 4 spell levels left.
You didn't know any spells.

Dungeon Overview and Level Annotations

Branches:
Dungeon (4/15)
 Temple: D:4-7

Altars:


Innate Abilities, Weirdness & Mutations

You cannot wear most types of armour.
You are amphibious.
You can wear up to eight rings at the same time.
You can use your tentacles to constrict eight enemies at once.
Your skin changes colour to match your surroundings (Stealth).
Your rubbery body absorbs attacks (AC +1).


Message History

An orc wizard is nearby!
Things that are here:
a whip; a leather armour The orc wizard gestures at you while chanting.
The magic dart hits you!
* * * LOW HITPOINT WARNING * * *
Evoke which item? (* to show all) (? for menu, Esc to quit)
Zapping:
d - a wand of random effects (15)
Press: ? - help, Shift-Dir - straight line, f - orc wizard
Aim: an orc wizard, wielding a dagger and wearing a robe The orc wizard flickers and vanishes!
Deactivating autopickup; reactivate with Ctrl-A.
This wand has 14 charges left.
Evoke which item? (* to show all) (? for menu, Esc to quit)
Zapping:
c - a wand of enslavement (15)
Press: ? - help, Shift-Dir - straight line Nothing appears to happen.
This wand has 14 charges left.
A magic dart appears from out of thin air!
The magic dart hits you!
You die...

#.. #.# #.# #.# ##. #.# ... #.#
[... #[####.... .######
##########)........ ...o.<#
#$@)...............
..ยง.!.a.........................!
#####.###.!..#...^...#....<...((#
..# ....#..?...)#.##.#.....# #.. .
#.......#.##.#.##### #..#
#...?...#....#.# #..#
##.#######.....# #..# #. #......
#... .#


There were no monsters in sight!

Vanquished Creatures
  A giant frog zombie (D:3)
  An orc priest (D:3)
  2 orc wizards
  An adder (D:4)
  An ooze (D:2)
  2 worms (D:3)
  A giant gecko (D:3)
  6 orcs
  2 giant cockroaches
  4 goblins
  2 hobgoblins
  4 jackals (D:1)
  2 quokkas (D:3)
  3 bats
  2 giant newts (D:1)
  3 kobolds
  3 rats
40 creatures vanquished.

Notes
Turn   | Place    | Note
--------------------------------------------------------------
     0 | D:1      | M4edhros the Octopode Artificer began the quest for the Orb.
     0 | D:1      | Reached XP level 1. HP: 13/13 MP: 3/3
   302 | D:1      | Reached XP level 2. HP: 12/18 MP: 4/4
   664 | D:3      | Reached XP level 3. HP: 16/23 MP: 5/5
   776 | D:4      | Reached skill level 4 in Stealth
   776 | D:4      | Reached XP level 4. HP: 26/28 MP: 5/7
  1065 | D:3      | Reached skill level 5 in Stealth
  1275 | D:3      | Reached XP level 5. HP: 29/33 MP: 8/8
  1384 | D:4      | Reached skill level 6 in Stealth
  1411 | D:4      | Killed from afar by an orc wizard

Action                   |  1- 3 |  4- 6 || total
-------------------------+-------+-------++-------
Melee: Short sword       |    14 |       ||    14
       Dagger            |    33 |    40 ||    73
 Fire: Hunting sling     |       |     2 ||     2
Evoke: Wand              |       |     3 ||     3
  Use: Potion            |     1 |       ||     1
 Stab: Sleeping          |     8 |     1 ||     9
  Eat: Chunk             |       |     2 ||     2
